Celery, neutral female human Valkyrie ------- #-...[.| |.....| `#####...<..| |.....| -|----- # ### # # ---.----- #))#a@......| +........ ####|.......| |..... #|.......| - |.......| --------- Celery the Fighter Experience level: 7 Strength: 16 Dexterity: 12 Constitution: 18 Intelligence: 10 Wisdom: 10 Charisma: 10 Health: 0(68) Energy: 22(22) Def: 10 Gold: 645 Moves: 4181 Dungeon seed: PKU18JRCJ0RdUvF1 Game ID: Celery_1469638604 Your Inventory: Coins $ - 645 gold pieces Weapons b - 2 uncursed +0 daggers (in quiver) k - a blessed +0 elven dagger (weapon in hand) V - 4 uncursed +0 daggers Armor e - an uncursed +3 small shield (being worn) g - a cursed -2 pair of levitation boots q - an uncursed +0 pair of low boots y - an uncursed +0 cloak of displacement (being worn) S - an uncursed +0 pair of water walking boots T - an uncursed +0 elven mithril-coat (being worn) U - an uncursed rotted +0 pair of jumping boots (being worn) Comestibles d - 2 uncursed food rations Scrolls h - 2 uncursed scrolls of identify u - a blessed scroll of confuse monster v - an uncursed scroll of scare monster I - an uncursed scroll of stinking cloud Spellbooks H - a blessed spellbook of polymorph N - an uncursed spellbook of cause fear Potions a - an uncursed potion of healing p - an uncursed potion of full healing t - an uncursed potion of gain level w - an uncursed potion of sleeping x - an uncursed potion of see invisible z - an uncursed potion of enlightenment A - an uncursed potion of sickness L - an uncursed potion of booze R - an uncursed potion of hallucination W - an uncursed potion of blindness Wands c - an uncursed wand of cold (0:4) i - an uncursed wand of opening (0:5) m - an uncursed wand of speed monster (0:4) s - an uncursed wand of enlightenment (0:7) C - an uncursed wand of make invisible (0:2) M - an uncursed wand of magic missile (0:5) O - an uncursed wand of enlightenment (0:13) Tools f - an uncursed skeleton key j - a blessed magic lamp (lit) l - an uncursed wax candle (0:400) B - a blessed wax candle (0:400) D - 5 uncursed tallow candles (0:200) F - an uncursed +0 pick-axe K - an uncursed magic marker (0:73) P - a cursed tallow candle (0:200) Gems n - 2 uncursed agate stones o - an uncursed worthless piece of red glass r - an uncursed emerald E - an uncursed worthless piece of green glass G - an uncursed worthless piece of blue glass Y - 2 uncursed luckstones Spells and supernatural/magical abilities: Name Level Category Fail Memory c - cause fear 3 enchantment 100% 92% P - polymorph 6 matter 100% 91% W - pray for help -- divine ? -- Y - supernatural jump -- ability ? -- Your skills at the end: Miscellaneous Skills shield [Basic] wands [Basic] Weapon Skills dagger [Basic] spear [Basic] Spellcasting Skills Final Attributes: You were fervently aligned. You were cold resistant. You were displaced. You were stealthy. You could jump. You could fly. You were fast. You were lucky. You had extra luck. Bad luck did not time out for you. Good luck did not time out for you. You are dead. Vanquished creatures: a giant beetle a giant spider a brown pudding a gold golem a dog a dingo a blue jelly a rope golem a fog cloud a yellow light a shrieker 4 gnome lords a gnomish wizard a kobold mummy a giant ant 9 dwarves a homunculus a kobold lord an iguana a rabid rat a werejackal 2 coyotes 2 hobbits a large kobold 5 giant rats 2 brown molds a yellow mold a green mold 2 red molds 27 gnomes a gnome zombie 6 jackals a fox a kobold 2 newts 2 goblins 7 sewer rats 5 grid bugs a lichen 2 kobold zombies 103 creatures vanquished. Voluntary challenges: You did not adorn yourself with jewelry or accessories. You had been an atheist until turn 1803. You used a wielded weapon 71 times, starting on turn 2290. You did not use containers. You did not apply a unicorn horn. You read items or engraved 61 times, starting on turn 4. You never genocided any monsters. You never polymorphed an object. You never changed form. You used no wishes. You never split a pudding. You never wrote Elbereth's name. You violated your moral code, losing 5 points of alignment, starting on turn 3372. Dungeon overview: The Dungeons of Doom: levels 1 to 4 Level 1 a long staircase Level 2 Level 3 Level 4 an armor shop, a fountain stairs to The Gnomish Mines The Gnomish Mines: levels 5 to 8 Level 5 stairs to The Dungeons of Doom Level 6 Level 7 Level 8 <- You were here History has recorded: On T:1 you entered the Dungeons of Doom to retrieve the Amulet of Yendor! On T:289 you advanced to experience level 2. On T:489 you reached level 2 of The Dungeons of Doom. On T:814 you reached level 3 of The Dungeons of Doom. On T:1097 you advanced to experience level 3. On T:1416 you reached level 4 of The Dungeons of Doom. On T:2285 you advanced to experience level 4. On T:2491 you reached level 1 of The Gnomish Mines. On T:2607 you advanced to experience level 5. On T:3060 you reached level 2 of The Gnomish Mines. On T:3372 you advanced to experience level 6. On T:3423 you reached level 3 of The Gnomish Mines. On T:4060 you advanced to experience level 7. On T:4125 you reached level 4 of The Gnomish Mines. Score breakdown: Gold: 645 ( 64 points) Experience: 7 levels ( 600 points) Exploration: 8 levels ( 210 points) Discoveries: 8 items ( 400 points) Variety of kills: 40 monsters ( 2000 points) Major goal: (nothing yet) ( 0 points) Survival: died (score multiplied by 3) Total score: 9822 Latest messages: The giant ant bites! You kill it! You stab the giant spider. The giant spider bites! The spear hits the giant spider. The giant spider bites! The giant spider misses. You kill the giant spider! The spear hits the fire ant! You fill your quiver: b - 4 uncursed +0 daggers (in quiver). The dagger hits the fire ant! The fire ant bites! (2x) You stab the fire ant. The fire ant bites! (2x) The fire ant strikes at your displaced image and misses you! (2x) The soldier ant strikes at your displaced image and misses you! (2x) The dagger hits the soldier ant. The soldier ant bites! You die... Final status: Farvel Celery the Valkyrie, killed by a soldier ant... You died in The Gnomish Mines on dungeon level 8 with 9822 points, and 645 pieces of gold, after 4181 moves. You were level 7 with a maximum of 68 hit points when you died.